Map: [ESL] Altitude

Players

Cham

  • Race: Zerg Zerg
  • Spawn Location: 7:00

MaSa - Winner!

  • Race: Terran Terran
  • Spawn Location: 1:00

Event: ESL SC2 Masters 2023 Summer (Regionals)

VOD

Have the link to the VOD?

Description

Time

  • Played on: May 9, 2023, 2:22 p.m.
  • Length: 5:33

All games in this series

Show
View Real Time Build Order
Export as new Build Order

Cham Zerg 

Build Orders: Hatch First 

Get SALT Encoding   

  12  0:00  Drone  
  13  0:11  Overlord  
  13  0:17  Drone  
  14  0:30  Drone x2  
  16  0:48  Hatchery  
  15  0:52  Drone  
  15  0:55  Drone  
  17  1:09  Spawning Pool  
  16  1:12  Drone  
  16  1:14  Extractor  
  16  1:18  Drone  
  17  1:21  Drone  
  18  1:28  Drone  
  19  1:39  Drone  
  20  1:54  Drone  
  21  1:59  Queen  
  21  2:00  Queen, Zergling x2  
  21  2:01  Zergling x2  
  27  2:12  Drone, Overlord  
  28  2:27  Hatchery  
  27  2:37  Spine Crawler  
  26  2:39  Zergling x4  
  26  2:40  Zergling x2  
  29  2:44  Overlord  
  27  3:03  Zergling x6  
  30  3:07  Zergling x2  
  30  3:10  Zergling x2  
  32  3:18  Zergling x2  
  32  3:24  Zergling x2  
  32  3:29  Zergling x2  
  32  3:31  Zergling x2  
  33  3:35  Zergling x2  
  33  3:37  Zergling x2  
  35  3:45  Zergling x2  
  36  3:51  Zergling x2  
  36  3:52  Zergling x4  
  36  3:55  Zergling x2  
  34  3:59  Zergling x2  
  34  4:01  Zergling x2  
  27  4:10  Spawning Pool  
  25  4:27  Drone x2  
  25  4:28  Drone  
  25  4:57  Zergling x4  
  27  5:08  Overlord  
  27  5:10  Overlord  
Show
View Real Time Build Order
Export as new Build Order

MaSa Terran - Winner!

Build Orders:  

Get SALT Encoding   

  12  0:00  SCV  
  13  0:13  Supply Depot  
  13  0:17  SCV  
  14  0:30  SCV  
  15  0:39  Barracks  
  15  0:52  Barracks  
  15  1:05  Barracks  
  15  1:25  Marine  
  15  1:26  Barracks  
  16  1:39  Marine  
  17  1:42  Supply Depot  
  17  1:43  Marine  
  18  1:52  Marine  
  19  1:57  Marine  
  19  1:58  SCV  
  19  2:01  Marine  
  21  2:07  Supply Depot  
  22  2:09  Marine  
  22  2:14  Marine  
  24  2:19  Marine  
  25  2:24  Marine  
  25  2:27  Marine  
  27  2:34  Marine  
  28  2:39  Marine  
  28  2:42  Marine  
  30  2:45  Marine  
  31  3:01  Bunker  
  31  3:02  Marine x2  
  33  3:06  Marine  
  33  3:08  Marine  
  33  3:20  Marine x2  
  35  3:27  Marine x2  
  36  3:37  Marine  
  36  3:38  Marine  
  38  3:45  Marine  
  39  3:49  Marine  
  36  4:01  Marine  
  36  4:02  Marine  
  36  4:03  Marine  
  36  4:09  Marine  
  34  4:15  SCV  
  32  4:19  Marine x2  
  32  4:20  Marine  
  34  4:28  Marine  
  35  4:37  Marine  
  35  4:44  Marine x2  
  37  4:50  Marine  
  37  4:55  Marine  
  38  5:02  Marine  
Tags
 
Add a new tag
Caveats
  • Supply blocks, unpowered buildings, or Contaminate may cause inaccurate times.
  • Supply counts are checked every 10 seconds.